Map: Proxima Station LE

Players

LiquidTLO (TLO) - Winner!

  • Race: Zerg Zerg
  • Spawn Location: 1:00

Cham

  • Race: Zerg Zerg
  • Spawn Location: 7:00

Event: WCS Jonkoping 2017

VOD

Have the link to the VOD?

Description

Time

  • Played on: June 17, 2017, 11:23 a.m.
  • Length: 10:13

All games in this series

Show
View Real Time Build Order
Export as new Build Order

LiquidTLO Zerg - Winner!

Build Orders: Hatch First 

Get SALT Encoding   

  12  0:01  Drone  
  13  0:12  Overlord  
  13  0:17  Drone  
  14  0:31  Drone x2  
  16  0:49  Hatchery  
  15  0:52  Drone  
  15  0:55  Drone  
  17  1:10  Spawning Pool  
  16  1:12  Drone  
  16  1:16  Drone  
  18  1:19  Drone  
  19  1:39  Hatchery  
  18  1:42  Drone  
  18  1:44  Drone  
  20  2:00  Queen  
  22  2:03  Drone  
  22  2:05  Queen  
  25  2:11  Drone  
  25  2:13  Overlord  
  26  2:19  Zergling x2  
  26  2:20  Drone  
  28  2:33  Drone x4  
  28  2:36  Extractor  
  31  2:42  Queen  
  33  2:44  Overlord  
  33  2:47  Drone  
  34  2:54  Drone  
  34  2:56  Drone  
  37  2:58  Evolution Chamber, Drone  
  37  3:05  Roach Warren, Drone  
  36  3:08  Drone  
  36  3:11  Drone  
  39  3:12  Drone  
  39  3:14  Drone  
  39  3:16  Drone  
  41  3:21  Drone  
  41  3:22  Drone  
  43  3:28  Evolution Chamber, Drone  
  43  3:30  Drone  
  43  3:34  Overlord  
  44  3:42  Evolution Chamber  
  44  3:43  Evolution Chamber, Drone  
  44  3:44  Drone  
  44  3:45  Drone  
  44  3:46  Roach  
  47  3:51  Roach  
  47  3:52  Roach  
  47  3:53  Roach  
  47  3:54  Drone  
  54  3:56  Drone x2  
  54  3:59  Drone x2  
  54  4:02  Overlord  
  58  4:07  Overlord  
  58  4:08  Extractor  
  57  4:11  Overlord  
  57  4:17  Overlord  
  57  4:18  Lair  
  57  4:20  Overlord  
  57  4:22  Drone  
  58  4:24  Drone  
  58  4:25  Drone  
  58  4:27  Drone  
  58  4:30  Roach  
  63  4:32  Drone  
  63  4:36  Drone  
  63  4:37  Drone  
  65  4:40  Drone x3  
  65  4:42  Drone  
  65  4:43  Drone x2  
  65  4:44  Drone  
  72  4:48  Extractor  
  72  4:50  Drone  
  72  4:51  Drone  
  72  4:52  Drone  
  74  4:53  Extractor  
  74  4:54  Extractor  
  74  4:56  Drone  
  74  4:58  Extractor, Zerg Missile Weapons Level 1  
  72  5:02  Drone  
  72  5:03  Drone  
  74  5:07  Drone  
  74  5:14  Drone x2  
  77  5:16  Glial Reconstitution  
  77  5:18  Roach  
  77  5:19  Drone, Roach  
  77  5:20  Drone  
  83  5:24  Roach  
  83  5:25  Overlord  
  83  5:27  Overlord  
  83  5:28  Overseer, Roach x2  
  89  5:31  Overlord  
  89  5:33  Roach  
  89  5:34  Overlord  
  89  5:35  Roach  
  93  5:36  Roach  
  93  5:38  Roach  
  93  5:42  Overlord  
  97  5:47  Overlord  
  97  5:48  Roach x3  
  103  5:54  Roach x2  
  103  5:56  Roach  
  109  6:02  Hatchery  
  109  6:03  Roach  
  110  6:04  Roach  
  110  6:07  Roach  
  110  6:09  Roach  
  110  6:10  Roach  
  118  6:13  Roach  
  118  6:14  Roach  
  118  6:15  Roach  
  118  6:17  Roach  
  126  6:19  Roach  
  126  6:24  Roach  
  126  6:25  Roach  
  132  6:26  Infestation Pit  
  132  6:28  Zerg Ground Armor Level 1  
  132  6:31  Roach  
  132  6:32  Drone  
  134  6:36  Roach  
  134  6:37  Roach x2  
  140  6:41  Roach  
  140  6:45  Roach  
  144  6:49  Roach  
  144  6:51  Ravager x2  
  144  6:52  Roach  
  146  6:59  Roach  
  144  7:04  Roach  
  144  7:06  Roach x3  
  144  7:08  Roach  
  138  7:09  Roach  
  138  7:10  Roach  
  138  7:11  Roach x2  
  138  7:13  Roach x3  
  142  7:16  Roach x2  
  142  7:19  Roach  
  142  7:20  Roach  
  138  7:22  Roach  
  138  7:24  Zerg Missile Weapons Level 2  
  138  7:26  Roach  
  138  7:30  Ravager  
  138  7:32  Roach x2  
  138  7:33  Roach x2  
  138  7:34  Roach  
  138  7:35  Roach  
  146  7:37  Roach  
  146  7:39  Roach  
  146  7:42  Roach  
  143  7:48  Roach x2  
  143  7:49  Roach  
  143  7:50  Ravager x2  
  151  7:59  Overlord  
  151  8:00  Roach, Overlord  
  151  8:03  Overlord  
  151  8:08  Roach  
  151  8:10  Roach  
  151  8:11  Ravager, Overlord  
  152  8:16  Roach  
  152  8:18  Roach x2  
  154  8:20  Ravager  
  154  8:21  Roach  
  154  8:25  Roach  
  154  8:27  Roach  
  151  8:32  Roach  
  151  8:33  Roach  
  142  8:36  Roach  
  142  8:37  Roach  
  142  8:40  Roach  
  144  8:41  Roach x3  
  144  8:43  Roach x2  
  144  8:44  Roach  
  144  8:48  Roach  
  138  8:49  Roach  
  138  8:52  Roach  
  138  8:54  Roach x2  
  138  8:55  Roach  
  134  8:56  Roach  
  134  8:58  Ravager x2  
  134  8:59  Ravager  
  134  9:00  Ravager, Roach  
  142  9:03  Roach  
  142  9:05  Roach x3  
  142  9:08  Roach  
  152  9:10  Roach  
  152  9:11  Roach  
  152  9:15  Roach  
  152  9:16  Roach x2  
  164  9:17  Roach  
  164  9:21  Roach x2  
  168  9:24  Roach  
  168  9:26  Drone, Hydralisk Den  
  168  9:27  Drone, Overlord  
  168  9:29  Roach  
  173  9:31  Roach  
  173  9:32  Roach  
  173  9:33  Roach  
  173  9:37  Roach  
  173  9:38  Roach  
  183  9:39  Overlord  
  183  9:44  Overlord x2  
  183  9:46  Roach  
  183  9:47  Roach  
  183  9:48  Roach  
  191  9:53  Roach  
  191  9:54  Ravager  
Show
View Real Time Build Order
Export as new Build Order

Cham Zerg 

Build Orders: Hatch First 

Get SALT Encoding   

  12  0:00  Drone  
  13  0:07  Drone  
  14  0:18  Overlord  
  14  0:36  Drone x3  
  17  0:52  Hatchery  
  17  0:55  Drone  
  17  0:58  Drone  
  17  1:01  Extractor  
  17  1:15  Spawning Pool  
  17  1:17  Drone  
  17  1:21  Drone  
  18  1:32  Drone  
  19  1:40  Overlord  
  19  2:01  Queen  
  19  2:02  Metabolic Boost  
  19  2:03  Drone  
  19  2:05  Zergling x2, Drone  
  24  2:09  Queen  
  24  2:15  Drone  
  27  2:17  Drone  
  28  2:23  Overlord  
  28  2:27  Drone  
  29  2:36  Drone  
  30  2:38  Drone  
  31  2:48  Hatchery  
  31  2:51  Zergling x4  
  31  2:57  Zergling x2  
  33  3:00  Overlord  
  33  3:08  Zergling x2  
  33  3:09  Zergling x2  
  33  3:10  Zergling x6  
  37  3:16  Zergling x4  
  37  3:17  Zergling x2  
  40  3:21  Zergling x4  
  42  3:33  Drone x2  
  44  3:34  Evolution Chamber  
  43  3:46  Drone x2  
  44  3:53  Overlord  
  44  3:55  Drone  
  44  3:58  Queen  
  44  4:00  Overlord  
  44  4:02  Zerg Missile Weapons Level 1  
  46  4:06  Drone  
  46  4:07  Drone x4  
  51  4:10  Drone  
  51  4:12  Drone  
  51  4:14  Drone  
  51  4:15  Drone  
  55  4:18  Drone  
  55  4:21  Drone  
  55  4:23  Drone  
  58  4:27  Drone  
  58  4:29  Extractor  
  58  4:33  Drone x3  
  60  4:39  Drone x3, Overlord  
  60  4:42  Lair  
  60  4:45  Drone  
  61  4:46  Drone  
  61  4:49  Extractor, Drone  
  61  4:50  Drone  
  61  4:51  Drone  
  64  4:53  Drone  
  64  4:57  Drone  
  64  4:59  Drone x2  
  68  5:04  Drone  
  69  5:09  Extractor, Overlord  
  69  5:10  Roach Warren  
  69  5:13  Drone x2  
  69  5:15  Extractor  
  69  5:16  Extractor  
  69  5:18  Drone  
  69  5:20  Drone x2  
  69  5:21  Drone x4  
  73  5:23  Overlord  
  73  5:24  Overlord  
  74  5:29  Drone x2  
  74  5:30  Drone  
  77  5:36  Overlord  
  77  5:42  Overseer  
  77  5:44  Overlord  
  77  5:47  Overlord  
  77  5:48  Overlord  
  79  5:50  Roach  
  79  5:51  Roach x2  
  79  5:52  Roach x3  
  79  5:54  Roach  
  79  5:55  Roach  
  95  5:57  Roach  
  95  6:00  Roach  
  95  6:02  Roach, Overlord  
  99  6:08  Zerg Missile Weapons Level 2  
  99  6:10  Drone x2  
  99  6:11  Drone  
  102  6:15  Roach  
  102  6:16  Ravager  
  102  6:17  Ravager  
  102  6:18  Ravager, Roach  
  109  6:19  Roach x2  
  109  6:20  Overlord  
  109  6:23  Roach  
  114  6:29  Roach  
  114  6:30  Roach x3  
  122  6:37  Roach x3  
  122  6:38  Ravager  
  129  6:43  Roach  
  129  6:45  Roach x3  
  135  6:49  Roach x2  
  135  6:50  Roach  
  135  6:52  Roach  
  141  6:54  Glial Reconstitution, Roach  
  141  6:56  Roach  
  141  6:58  Roach  
  145  7:07  Roach x2  
  136  7:11  Roach x2  
  124  7:15  Roach  
  124  7:18  Roach x2  
  124  7:19  Roach x2  
  124  7:22  Roach x2  
  122  7:25  Roach x2  
  122  7:28  Roach  
  128  7:30  Roach Warren  
  128  7:31  Roach  
  128  7:33  Roach  
  128  7:35  Roach  
  126  7:37  Roach  
  126  7:41  Roach  
  126  7:42  Roach  
  122  7:49  Ravager, Roach  
  122  7:50  Ravager x2, Roach  
  129  7:53  Roach  
  129  7:55  Roach  
  129  7:56  Roach  
  129  7:57  Roach x5  
  129  7:58  Roach  
  138  7:59  Roach  
  138  8:03  Overlord  
  138  8:10  Roach x2  
  124  8:15  Roach x3  
  128  8:23  Roach  
  128  8:26  Roach x3  
  123  8:33  Roach x3  
  123  8:34  Roach  
  121  8:35  Roach  
  121  8:36  Roach  
  121  8:40  Roach  
  112  8:45  Roach  
  112  8:46  Roach  
  97  8:53  Roach x3  
  97  8:54  Roach  
  97  8:55  Queen  
  97  8:56  Roach x2  
  97  8:58  Ravager x4  
  107  9:04  Roach  
  107  9:05  Evolution Chamber  
  107  9:07  Ravager  
  107  9:08  Roach x2  
  113  9:13  Roach  
  113  9:14  Roach x3  
  121  9:19  Ravager  
  121  9:20  Roach x3  
  121  9:23  Roach  
  130  9:28  Overlord  
  130  9:34  Overlord  
  130  9:38  Overseer  
  130  9:39  Overlord  
  130  9:42  Overlord  
  130  9:45  Overlord  
  130  9:53  Roach  
Tags
 
Add a new tag
Caveats
  • Supply blocks, unpowered buildings, or Contaminate may cause inaccurate times.
  • Supply counts are checked every 10 seconds.